 Dungeon Crawl Stone Soup version 0.22-a0-815-gb582571 (webtiles) character file.

108 iamserjio the Sneak (level 4, 2/23 HPs)
             Began as a Spriggan Monk on July 23, 2018.
             Quit the game on level 6 of the Dungeon.
             The game lasted 00:10:11 (1481 turns).

iamserjio the Sneak (Spriggan Monk)                 Turns: 1481, Time: 00:10:12

Health: 2/23       AC:  2    Str:  8    XL:     4   Next: 58%
Magic:  5/5        EV: 21    Int: 11    God:
Gold:   185        SH:  0    Dex: 18    Spells: 3/3 levels left

rFire    . . .     SeeInvis +   a - +0 short sword
rCold    . . .     Gourm    .   (shield restricted)
rNeg     . . .     Faith    .   b - +0 robe
rPois    +         Spirit   .   (helmet restricted)
rElec    .         Reflect  .   (no cloak)
rCorr    .         Harm     .   (gloves unavailable)
MR       .....                  (boots unavailable)
Stlth    ++++......             (no amulet)
HPRegen  0.07/turn              g - ring of poison resistance
MPRegen  0.09/turn              (no ring)

@: very quick
A: very small, unfitting armour, see invisible, herbivore, speed 3, slow
metabolism 2
a: no special abilities


You were on level 6 of the Dungeon.
You were not hungry.

You visited 1 branch of the dungeon, and saw 6 of its levels.

You collected 185 gold pieces.

Inventory:

Hand Weapons
 a - a +0 short sword (weapon)
 e - a +0 dagger
 t - a +0 rapier
Missiles
 p - 58 arrows
 r - 28 stones (quivered)
 s - 22 sling bullets
Armour
 b - a +0 robe (worn)
Jewellery
 g - a ring of poison resistance (left hand)
Scrolls
 h - a scroll of magic mapping {unknown}
 i - 2 scrolls of immolation {unknown}
 j - 3 scrolls of identify {unknown}
 k - a scroll of remove curse {unknown}
 m - a scroll of noise {unknown}
 o - 3 scrolls of teleportation {unknown}
Potions
 d - 2 potions of haste {unknown}
 f - a potion of flight {unknown}
 l - 2 potions of ambrosia {unknown}
 n - a potion of berserk rage {unknown}
 q - 3 potions of curing {unknown}
 u - a potion of might {unknown}
Comestibles
 c - 7 rations


   Skills:
 - Level 2.4 Fighting
 - Level 3.2 Short Blades
 + Level 5.7 Dodging
 * Level 6.5 Stealth


You had 3 spell levels left.
You didn't know any spells.
Your spell library was empty.

Dungeon Overview and Level Annotations

Branches:
Dungeon (6/15)
 Temple: D:4-7

Altars:
Dithmenos
Okawaru

Shops:
D:4 [(::


Innate Abilities, Weirdness & Mutations

You are very small and have problems with some larger weapons.
You are too small for most types of armour.
You have supernaturally acute eyesight. (SInv)
You are a herbivore.
You cover ground extremely quickly.
You need to consume almost no food.


Message History

* * * LOW HITPOINT WARNING * * *
An ice beast comes into view.
The ice beast moves out of view.
A centaur skeleton comes into view.
The centaur skeleton moves out of view.
There is a stone staircase leading down here.
You climb downwards.
There is a stone staircase leading up here.
A centaur comes into view.
You see here 17 stones.
A hound comes into view.
The hound barks!
The centaur shouts!
The centaur misses you.
A worker ant comes into view.
You hit the centaur.
The centaur is lightly wounded.
The centaur closely misses you.
You aren't carrying any items that you can evoke.
Unknown command.
Are you sure you want to abandon this character and quit the game? (Confirm with "yes".)

....................
.......<............
..................a.
....................
..........(.........
..........>.........
....................
....................
............@.......
...........c.......
..................
.................
...)..........[.
...h...........
...............
...............


You could see a centaur, a hound and a worker ant.

Vanquished Creatures
  A worker ant (D:5)
  A gnoll (D:1)
  2 adders
  An ooze (D:2)
  A worm (D:3)
  2 dart slugs
  2 leopard geckos (D:3)
  A ball python (D:2)
  A giant cockroach (D:3)
  4 goblins
  4 hobgoblins
  6 jackals (D:3)
  A quokka (D:2)
  7 bats
  A frilled lizard (D:1)
  4 kobolds
  3 rats
42 creatures vanquished.

Notes
Turn   | Place    | Note
-------+----------+-------------------------------------------
     0 | D:1      | iamserjio the Spriggan Monk began the quest for the Orb.
     0 | D:1      | Reached XP level 1. HP: 11/11 MP: 2/2
    72 | D:1      | Reached skill level 4 in Stealth
    72 | D:1      | Reached XP level 2. HP: 16/16 MP: 3/3
   218 | D:2      | Found a shadowy altar of Dithmenos.
   330 | D:2      | Reached skill level 5 in Dodging
   347 | D:2      | Reached XP level 3. HP: 15/19 MP: 4/4
   389 | D:1      | Reached skill level 5 in Stealth
   901 | D:3      | Reached XP level 4. HP: 9/23 MP: 5/5
  1104 | D:4      | Found Cetou's Antique Weapon Shop.
  1121 | D:4      | Found Delevin's Armour Shoppe.
  1250 | D:4      | Found an iron altar of Okawaru.
  1268 | D:4      | Found Laodd's Book Boutique.
  1311 | D:4      | Found Vaifo's Book Shop.
  1351 | D:4      | Reached skill level 6 in Stealth
  1397 | D:5      | Entered Level 5 of the Dungeon
  1424 | D:5      | HP: 1/23 [howler monkey (2)]
  1458 | D:5      | HP: 1/23 [quokka (1)]
  1460 | D:5      | Noticed an ice beast
  1473 | D:6      | Noticed a centaur
  1481 | D:6      | Quit the game

Vault maps used:
D:1:      dpeg_arrival_rhombus
D:2:      nicolae_dithmenos_shadow_blocks
D:4:      nicolae_overflow_hidden_temple, lemuel_round_altar, serial_shops,
          nicolae_shop_behind_doors,
          nicolae_shop_temple_entry_statues_fountains,
          nicolae_shop_overgrown_old_shop, shop,
          nicolae_shop_temple_entry_statues_fountains
D:5:      evilmike_ruin_ashenzari, first_ration, uniq_grinder,
          uniq_prince_ribbit1, uniq_eustachio
D:6:      serial_shops, kennysheep_little_box, minmay_checkerbox, uniq_pikel,
          uniq_edmund

Skill      XL: |  1  2  3  4 |
---------------+-------------+-----
Stealth        | 4 5 6 |  6.5
Dodging        | 5 |  5.7
Fighting       | |  2.4
Short Blades   | |  3.2

Action                   |  1- 3 |  4- 6 || total
-------------------------+-------+-------++-------
Melee: Short sword       |   123 |    42 ||   165
 Stab: Sleeping          |    10 |     2 ||    12
Armor: Robe              |     5 |     4 ||     9
Dodge: Dodged            |    93 |    41 ||   134

Table legend:
 A = Spawn XP
 B = Non-spawn XP
 C = Spawn XP percentage of total XP
 D = Spawn monster count
 E = Non-spawn monster count
 F = Spawn count percentage of total count
 G = Total turns spent on level
                    A         B        C        D         E        F      G
               +---------+---------+-------+---------+---------+-------+---------
         Total |       0 |     155 |   0.0 |       0 |      42 |   0.0 |  1481
               +---------+---------+-------+---------+---------+-------+---------
           D:1 |       0 |      28 |   0.0 |       0 |      11 |   0.0 |   257
           D:2 |       0 |      24 |   0.0 |       0 |       9 |   0.0 |   330
           D:3 |       0 |      54 |   0.0 |       0 |      20 |   0.0 |   503
           D:4 |       0 |      13 |   0.0 |       0 |       1 |   0.0 |   307
           D:5 |       0 |      36 |   0.0 |       0 |       1 |   0.0 |    75
               +---------+---------+-------+---------+---------+-------+---------
